 Dungeon Crawl Stone Soup version 0.22-a0-78-g0f8607c (webtiles) character file.

7711 KristoblXynda the Carver (level 11, 0/177 HPs)
             Began as a Grey Draconian Gladiator on Jan 15, 2018.
             Was a Believer of Ashenzari.
             Slain by an ice devil (22 damage)
             ... on level 11 of the Dungeon.
             The game lasted 00:24:10 (9056 turns).

KristoblXynda the Carver (Grey Draconian Gladiator) Turns: 9056, Time: 00:24:10

Health: 0/177      AC: 25    Str: 21    XL:     11   Next: 0%
Magic:  15/15      EV:  2    Int: 16    God:    Ashenzari [**....]
Gold:   804        SH:  9    Dex: 14    Spells: 7/10 levels left

rFire    + + .     SeeInvis .   U - +6 long sword "Usasirem" {vamp, rF+}
rCold    . . .     Gourm    .   T - +0 buckler
rNeg     + + +     Faith    .   (armour unavailable)
rPois    +         Spirit   .   (helmet currently unavailable)
rElec    .         Reflect  +   (cloak currently unavailable)
rCorr    +         Harm     .   (gloves currently unavailable)
MR       .....     NoTele   +   (boots currently unavailable)
Stlth    ..........             z - +4 amulet of reflection
HPRegen  0.39/turn              G - ring of Ciawn {rCorr rF+} (curse)
MPRegen  0.14/turn              s - +5 ring of intelligence (curse)

@: berserking (expiring), tree-form, very quick
A: (walk through water), unfitting armour, AC +12
a: Curse Item, Scrying, Renounce Religion


You were on level 11 of the Dungeon.
You worshipped Ashenzari.
Ashenzari was pleased with you.
You were not hungry.
You were a tree.
You visited 2 branches of the dungeon, and saw 12 of its levels.
You also visited: Ossuary and Bailey.

You collected 894 gold pieces.
You spent 90 gold pieces at shops.

Inventory:

Hand Weapons
 a - a +1 long sword
 U - the +6 long sword "Usasirem" (weapon) {vamp, rF+}
   (You found it on level 9 of the Dungeon)

   It inflicts no extra harm, but heals its wielder when it wounds a living foe.
   It protects you from fire.
Missiles
 c - 4 throwing nets
 M - 31 tomahawks of returning (quivered)
Armour
 b - a cursed +1 hat (melded)
 o - a +0 pair of boots (melded)
 y - a +0 pair of gloves (melded)
 E - a +0 cloak (melded)
 T - a +0 buckler (worn)
Magical Staves
 q - an uncursed staff of conjuration
Jewellery
 l - an uncursed amulet of rage
 m - an uncursed ring of protection from fire
 s - a cursed +5 ring of intelligence (right branch)
 u - an uncursed amulet of magic regeneration
 z - a +4 amulet of reflection (around neck)
 G - the cursed ring of Ciawn (left branch) {rCorr rF+}
   (You found it on level 6 of the Dungeon)

   [ring of resist corrosion]

   It protects you from fire.
   It has a curse placed upon it.
 I - an uncursed amulet of guardian spirit
Wands
 e - a wand of scattershot (5)
 x - a wand of acid (6)
 A - a wand of iceblast (20)
 J - a wand of paralysis (8)
 L - a wand of disintegration (11)
 W - a wand of digging (17)
Scrolls
 f - 5 scrolls of amnesia
 h - 6 scrolls of remove curse
 j - 5 scrolls of teleportation
 r - 4 scrolls of fear
 t - 2 scrolls of immolation
 V - 2 scrolls of magic mapping
Potions
 g - a potion of resistance {unknown}
 i - 5 potions of berserk rage
 k - 3 potions of magic
 n - 3 potions of haste
 p - 2 potions of ambrosia {unknown}
 v - 4 potions of curing
 B - 3 potions of lignification
 C - a potion of mutation
 D - a potion of cancellation {unknown}
 F - 2 potions of brilliance {unknown}
 H - a potion of flight {unknown}
 K - 3 potions of agility
 O - a potion of heal wounds
 P - a potion of might {unknown}
Books
 N - a book of Maledictions

   Spells                             Type                      Level
   a - Corona                         Hexes                        1
   b - Ensorcelled Hibernation        Hexes/Ice                    2
   c - Confuse                        Hexes                        3
   d - Tukima's Dance                 Hexes                        3
   e - Dazzling Spray                 Conjuration/Hexes            3
Miscellaneous
 Q - a phantom mirror
 S - a crystal ball of energy
Comestibles
 d - 9 rations


   Skills:
 - Level 2.1 Fighting
 + Level 10.4 Long Blades
 - Level 5.2 Throwing
 + Level 9.6 Dodging
 + Level 0.9 Stealth
 + Level 4.0 Shields
 - Level 6.0(7.5) Evocations


You had 7 spell levels left.
You knew the following spells:

 Your Spells              Type           Power        Failure   Level  Hunger
a - Tukima's Dance        Hex            #.......     58%         3    ####...


Dungeon Overview and Level Annotations

Branches:
Dungeon (11/15)            Temple (1/1) D:4            Lair (0/6) D:10
    Orc: D:9-12

Altars:
Ashenzari
Cheibriados
Dithmenos
Elyvilon
Fedhas
Gozag
Hepliaklqana
Kikubaaqudgha
Makhleb
Nemelex Xobeh
Okawaru
Qazlal
Ru
Sif Muna
Trog
Uskayaw
Vehumet
Wu Jian
Xom
Yredelemnul
Zin
The Shining One

Portals:
Ice
Cave: D:11

Annotations:
D:5 1 runed door


Innate Abilities, Weirdness & Mutations

((You can walk through water.))
((Your dull iron-grey scales are very hard. (AC +12)))
You cannot fit into any form of body armour.
((You can survive without breathing.))
((You are cold-blooded and may be slowed by cold attacks.))


Message History

You closely miss the ice devil.
The ice devil is almost dead.
The ice devil hits you but does no damage. x2
You hit the ice devil.
You kill the ice devil!
You have reached level 11!
You slash the ice devil!
The ice devil is heavily wounded.
The ice devil hits you but does no damage.
You slash the ice devil!
The ice devil is heavily wounded.
The ice devil hits you but does no damage.
You slash the ice devil!
The ice devil is almost dead.
You closely miss the ice devil.
The ice devil is almost dead.
The ice devil hits you.
* * * LOW HITPOINT WARNING * * *
The ice devil freezes you!!
You die...

* ∩..# , , ,, ,*
,,...#* , , ,.......
*,,... , , ,
........#* ,.. * ,
........# *.# ,,,
........# ##.## , , ,
........# #...# * , ,
.........###4#+###..
,............♣.......
,
....................
....................
, ,
....................
<...................
,
....................
,
........)...........
, *
####.........#######
,, , #.........#, , ,
,


You could see an ice devil.

Vanquished Creatures
  A two-headed ogre (D:9)
  An unseen horror (D:10)
  An ice devil (D:11)
  2 trolls (D:9)
  The ghost of Paulus the Cudgeler, an amateur BaFi of Qazlal (D:4)
  A hippogriff (D:10)
  A spriggan (D:9)
  Eustachio (D:4)
  Menkaure (D:6)
  Edmund (D:6)
  A soldier ant (D:5)
  2 water moccasins (D:9)
  Duvessa (D:4)
  3 ice beasts
  A necrophage (D:10)
  5 orc warriors
  An eye of draining (D:10)
  A phantom (D:5)
  3 ogres
  2 black bears
  3 centaurs
  Blork the orc (D:4)
  A big kobold (D:10)
  3 bullfrogs
  2 elf zombies (Ossuary)
  2 gnoll sergeants
  Dowan (D:4)
  2 scorpions
  4 killer bees
  2 howler monkeys
  2 bullfrog zombies (D:9)
  6 crimson imps
  A human zombie (Ossuary)
  2 jellies
  Crazy Yiuf (D:7)
  2 bullfrog skeletons
  A centaur zombie (D:5)
  4 hounds
  3 orc priests
  2 centaur skeletons
  An iguana (D:4)
  Ijyb (D:3)
  9 orc wizards
  9 worker ants
  A killer bee zombie (D:6)
  A hound zombie (Ossuary)
  2 hound skeletons
  3 mummies (Ossuary)
  3 worker ant zombies
  A howler monkey zombie (D:5)
  19 gnolls
  12 adders
  3 adder zombies
  2 worms
  2 adder skeletons
  7 leopard geckos
  40 orcs
  13 giant cockroaches
  2 gnoll zombies (Ossuary)
  13 goblins
  7 hobgoblins
  17 jackals
  23 kobolds
  2 quokkas
  2 ball pythons
  9 bats
  3 frilled lizards
  A giant cockroach zombie (D:3)
  5 goblin zombies (Ossuary)
  3 hobgoblin zombies (Ossuary)
  4 jackal zombies (Ossuary)
  6 kobold zombies (Ossuary)
  4 orc zombies (Ossuary)
  2 quokka skeletons
  3 quokka zombies
  5 rats
  2 rat zombies (Ossuary)
  A butterfly (D:5)
319 creatures vanquished.

Vanquished Creatures (others)
  A kobold (Bailey)
1 creature vanquished.

Grand Total: 320 creatures vanquished

Notes
Turn   | Place    | Note
-------+----------+-------------------------------------------
     0 | D:1      | KristoblXynda the Draconian Gladiator began the quest for the Orb.
     0 | D:1      | Reached XP level 1. HP: 17/17 MP: 1/1
   159 | D:1      | Reached XP level 2. HP: 7/24 MP: 2/2
   867 | D:2      | Reached XP level 3. HP: 29/29 MP: 3/3
  1011 | D:2      | Reached XP level 4. HP: 27/36 MP: 4/4
  1596 | D:3      | Reached skill level 4 in Long Blades
  1722 | D:3      | Noticed Ijyb
  1756 | D:3      | Reached XP level 5. HP: 23/41 MP: 5/5
  2158 | D:3      | Found a sacrificial altar of Ru.
  2743 | D:3      | Killed Ijyb
  2743 | D:3      | Reached XP level 6. HP: 48/48 MP: 6/6
  2871 | D:4      | Noticed Dowan
  2875 | D:4      | Noticed Duvessa
  2877 | D:4      | Noticed Paulus's ghost (amateur BaFi)
  2884 | D:4      | Noticed Eustachio
  2890 | D:4      | Killed Duvessa
  2890 | D:4      | Reached skill level 5 in Long Blades
  2894 | D:4      | Found a sand-covered staircase.
  2903 | D:4      | Killed Paulus's ghost
  2903 | D:4      | Reached skill level 5 in Dodging
  2903 | D:4      | Your scales start taking on a dull iron-grey colour.
  2903 | D:4      | Reached XP level 7. HP: 43/55 MP: 7/7
  2903 | D:4      | Gained mutation: You can survive without breathing. [Grey Draconian growth]
  2923 | D:4      | Killed Dowan
  2923 | D:4      | Reached skill level 6 in Long Blades
  2930 | D:4      | Killed Eustachio
  2966 | Ossuary  | Entered an ossuary
  3422 | Ossuary  | Reached skill level 7 in Long Blades
  3422 | Ossuary  | Reached XP level 8. HP: 52/61 MP: 8/8
  3573 | D:4      | Reached skill level 1 in Evocations
  3595 | D:4      | Found a shattered altar of Ashenzari.
  3595 | D:4      | Found a blossoming altar of Fedhas.
  3688 | D:4      | Found a shimmering altar of Xom.
  3704 | D:4      | Noticed Blork the orc
  3710 | D:4      | Killed Blork the orc
  3731 | D:4      | Found a staircase to the Ecumenical Temple.
  3889 | D:4      | Found a glowing silver altar of Zin.
  3889 | D:4      | Found Zin's Purification Station.
  3919 | D:4      | Bought a potion of curing for 90 gold pieces
  3931 | D:5      | Entered Level 5 of the Dungeon
  3983 | D:5      | Found an iron altar of Okawaru.
  4068 | D:4      | Became a worshipper of Ashenzari the Shackled
  4106 | D:5      | Found an ornate altar of the Wu Jian Council.
  4401 | D:5      | Reached skill level 8 in Long Blades
  4441 | D:5      | Found a basalt altar of Yredelemnul.
  4540 | D:5      | Found a runed door.
  4548 | D:5      | Found a runed door.
  4734 | D:5      | Reached XP level 9. HP: 67/67 MP: 11/11
  4779 | Temple   | Entered the Ecumenical Temple
  4898 | D:6      | Noticed Menkaure
  4908 | D:6      | Killed Menkaure
  5015 | D:6      | Noticed Edmund
  5034 | D:6      | Killed Edmund
  5264 | D:6      | Identified the ring of Ciawn {rCorr rF+}
  5359 | D:6      | Found a bloodstained altar of Trog.
  5510 | D:6      | Reached * piety under Ashenzari
  5840 | D:7      | Reached skill level 5 in Evocations
  5996 | D:7      | Reached skill level 9 in Long Blades
  6175 | D:7      | Found a runed door.
  6407 | D:7      | Noticed Crazy Yiuf
  6412 | D:7      | Killed Crazy Yiuf
  6691 | D:8      | Learned a level 3 spell: Tukima's Dance
  6735 | D:8      | Found a white marble altar of Elyvilon.
  7040 | D:9      | Found a flagged portal.
  7051 | Bailey   | Entered a bailey
  7397 | Bailey   | Found an iron altar of Okawaru.
  7413 | Bailey   | Reached XP level 10. HP: 71/73 MP: 14/14
  7638 | D:9      | Noticed a two-headed ogre
  7650 | D:9      | Killed a two-headed ogre
  7650 | D:9      | Reached skill level 1 in Shields
  7806 | D:9      | Reached ** piety under Ashenzari
  7818 | D:9      | Got the long sword "Usasirem" {vamp, rF+}
  7831 | D:9      | Identified the +6 long sword "Usasirem" {vamp, rF+} (You found it on level 9 of the Dungeon)
  8088 | D:9      | Reached skill level 10 in Long Blades
  8278 | D:10     | Entered Level 10 of the Dungeon
  8286 | D:10     | Found a staircase to the Lair.
  8597 | D:10     | Killed an unseen horror
  8597 | D:10     | Reached skill level 5 in Throwing
  9030 | D:11     | Found a frozen archway.
  9052 | D:11     | Reached XP level 11. HP: 24/79 MP: 15/15
  9056 | D:11     | Slain by an ice devil

Vault maps used:
D:1:      nzn_arrival_crosshair, dk_noncrumbling_3
D:2:      first_ration, minmay_misc_feat_iff
D:3:      nicolae_ru_awakened_eye, uniq_ijyb
D:4:      kennysheep_mini, gammafunk_temple_overflow_pools, zin_purify,
          minmay_temple_entry_from_below_a,
          lightli_ossuary_entry_decrepit_ruins, uniq_eustachio, uniq_duvessa,
          uniq_blork_the_orc
D:5:      lemuel_insect_pit, kennysheep_little_box, basic_altar,
          okawaru_ov_weapons_minmay
D:6:      marbit_many_paths, uniq_menkaure, uniq_edmund
D:7:      minmay_klotski, uniq_crazy_yiuf_cottage
D:8:      nicolae_overflow_crystal_walls
D:9:      enter_bailey_3, grunt_pizzeria
D:10:     dpeg_oklobed_lair
D:11:     david_orc_5, portal_ice_cave_demonic_guard, minmay_misc_feat_enclosed,
          nrook_mini_backslash
Temple:   zaba_magenta_temple
Ossuary:  minmay_ossuary_two_tombs
Bailey:   bailey_axe_3, bailey

Skill      XL: |  1  2  3  4  5  6  7  8  9 10 |
---------------+-------------------------------+-----
Throwing       | 2 3 5 |  5.2
Dodging        | 3 4 5 6 7 8 9 |  9.6
Long Blades    | 4 5 7 8 9 10 | 10.4
Evocations     | 3 6 |  6.0
Shields        | 4 |  4.0
Fighting       | |  2.1
Stealth        | |  0.9

Action                   |  1- 3 |  4- 6 |  7- 9 | 10-12 || total
-------------------------+-------+-------+-------+-------++-------
Melee: Long sword        |    85 |    75 |       |   153 ||   313
       Tailslap          |    14 |    24 |    66 |    27 ||   131
       Falchion          |       |    65 |   455 |    43 ||   563
Throw: Throwing net      |       |     1 |       |       ||     1
       Tomahawk          |       |       |    15 |     1 ||    16
Invok: Curse Item        |       |       |     4 |       ||     4
Evoke: Wand              |       |     2 |     2 |     4 ||     8
  Use: Scroll            |       |     4 |    14 |     3 ||    21
       Potion            |       |     5 |       |     2 ||     7
 Stab: Sleeping          |     3 |     2 |     3 |       ||     8
       Paralysed         |       |       |     2 |     3 ||     5
  Eat: Chunk             |       |     7 |     4 |     4 ||    15
       Ration            |       |       |     3 |     2 ||     5
Armor: Skin              |    23 |    46 |   121 |    59 ||   249
Dodge: Dodged            |    65 |    98 |   300 |   145 ||   608
Block: Other             |       |       |    76 |    15 ||    91
       Reflection        |       |       |    10 |     2 ||    12
       Buckler           |       |       |       |    33 ||    33
       Rpst.: Long sword |    21 |    15 |       |    31 ||    67
       Falchion          |       |    12 |    83 |     7 ||   102

Table legend:
 A = Spawn XP
 B = Non-spawn XP
 C = Spawn XP percentage of total XP
 D = Spawn monster count
 E = Non-spawn monster count
 F = Spawn count percentage of total count
 G = Total turns spent on level
                    A         B        C        D         E        F      G
               +---------+---------+-------+---------+---------+-------+---------
         Total |       0 |   11017 |   0.0 |       0 |     319 |   0.0 |  9056
               +---------+---------+-------+---------+---------+-------+---------
           D:1 |       0 |      24 |   0.0 |       0 |      15 |   0.0 |   803
           D:2 |       0 |     135 |   0.0 |       0 |      39 |   0.0 |   863
           D:3 |       0 |     241 |   0.0 |       0 |      36 |   0.0 |  1205
           D:4 |       0 |    1378 |   0.0 |       0 |      27 |   0.0 |   628
           D:5 |       0 |     745 |   0.0 |       0 |      28 |   0.0 |   804
           D:6 |       0 |    1008 |   0.0 |       0 |      28 |   0.0 |   916
           D:7 |       0 |     764 |   0.0 |       0 |      25 |   0.0 |   855
           D:8 |       0 |     411 |   0.0 |       0 |       7 |   0.0 |   357
           D:9 |       0 |    2894 |   0.0 |       0 |      34 |   0.0 |   764
          D:10 |       0 |    2124 |   0.0 |       0 |      24 |   0.0 |   732
          D:11 |       0 |     362 |   0.0 |       0 |       3 |   0.0 |    46
       Ossuary |       0 |     356 |   0.0 |       0 |      37 |   0.0 |   501
        Bailey |       0 |     575 |   0.0 |       0 |      16 |   0.0 |   505
               +---------+---------+-------+---------+---------+-------+---------
